 Dungeon Crawl Stone Soup version 0.21-a0-442-g848f44b3bc (webtiles) character file.

1120 GordonOverkill the Skirmisher (level 8, 0/87 HPs)
             Began as an Ogre Fighter on Nov 16, 2017.
             Was a Follower of Okawaru.
             Slain by Grinder (4 damage)
             ... on level 6 of the Dungeon.
             The game lasted 00:15:12 (7082 turns).

GordonOverkill the Skirmisher (Ogre Fighter)        Turns: 7082, Time: 00:15:12

Health: 0/87       AC:  3    Str: 26    XL:     8   Next: 34%
Magic:  8/8        EV:  8    Int:  9    God:    Okawaru [*.....]
Gold:   379        SH:  9    Dex: 10    Spells: 7/7 levels left

rFire    + . .     SeeInvis .   l - +5 morningstar
rCold    . . .     Gourm    .   c - +0 shield
rNeg     . . .     Faith    .   b - +0 robe
rPois    .         Spirit   .   (helmet restricted)
rElec    .         Reflect  .   (no cloak)
rCorr    .         Harm     .   (gloves unavailable)
MR       .....                  (boots unavailable)
Stlth    ++........             n - amulet of rage
HPRegen  0.24/turn              q - ring of stealth
MPRegen  0.11/turn              y - ring of protection from fire

@: mighty, berserk cooldown, slowed, drained, very slow
A: unfitting armour, tough skin 1
a: Heroism, Renounce Religion, Evoke Berserk Rage


You were on level 6 of the Dungeon.
You worshipped Okawaru.
Okawaru was aware of your devotion.
You were not hungry.

You visited 1 branch of the dungeon, and saw 6 of its levels.

You collected 379 gold pieces.

Inventory:

Hand Weapons
 l - a +5 morningstar (weapon)
Missiles
 w - 7 javelins (quivered)
Armour
 b - a +0 robe (worn)
 c - a +0 shield (worn)
Jewellery
 n - an amulet of rage (around neck)
 q - a ring of stealth (left hand)
 y - a ring of protection from fire (right hand)
Scrolls
 e - 5 scrolls of remove curse
 h - a scroll of teleportation
 i - 3 scrolls of fog
 k - 3 scrolls of identify
 o - a scroll of torment
 v - a scroll of recharging
Potions
 m - 2 potions of agility
 r - a potion of lignification
 t - a potion of berserk rage
 B - a potion of degeneration
Comestibles
 f - 6 bread rations
 g - 5 meat rations
 j - 2 chunks of flesh
 p - 4 royal jellies


   Skills:
 + Level 7.4(6.6) Fighting
 * Level 6.4(5.7) Maces & Flails
 - Level 2.6(2.0) Dodging
 + Level 5.1(4.4) Shields


You had 7 spell levels left.
You didn't know any spells.

Dungeon Overview and Level Annotations

Branches:
Dungeon (6/15)
 Temple: D:4-7

Altars:
Okawaru
Sif Muna

Annotations:
D:6 Grinder


Innate Abilities, Weirdness & Mutations

You are too large for most types of armour.
You have tough skin. (AC +1)


Message History

You hit the ogre.
The ogre is lightly wounded.
The ogre barely misses you.
You impale the ogre!!
You kill the ogre!
Okawaru accepts your kill.
Things that are here:
a giant club; an ogre corpse You feel a strong urge to attack something.
You are no longer berserk.
You are exhausted.
You feel yourself slow down.
You feel very mighty all of a sudden.
You aren't carrying any items that you can evoke.
Unknown command.
Okay, then.
Grinder hits you!
* * * LOW HITPOINT WARNING * * *
You writhe in agony.
You die...

. .#. ....# #.#.#
#.#.# #.#.. # #.#.#
#.#.## .# # #.#.(
#.... ..# #.###.#.#
#.5###5.## ........##
#.@#.....#
#........###.)#)....#
#.....(()........#
#.##.(###..#.....#
#.#...(.#.....#
#<)####.###...#
#.....## #.# ...#
#......# #.# ....
......... ... .##


You could see Grinder.

Vanquished Creatures
  A phantom (D:5)
  2 ogres
  A centaur (D:6)
  A water moccasin skeleton (D:4)
  3 wights (D:6)
  An orc wizard (D:5)
  A gnoll shaman (D:5)
  A bullfrog skeleton (D:5)
  A hound (D:5)
  Natasha (twice) (D:3)
  4 worker ants
  A hound skeleton (D:5)
  12 gnolls
  11 adders
  A shadow imp (D:5)
  2 oozes
  An adder zombie (D:5)
  An adder skeleton (D:5)
  2 worms
  10 dart slugs
  4 leopard geckos
  10 orcs
  2 ball pythons
  3 giant cockroaches
  6 goblins
  6 hobgoblins
  5 jackals
  7 kobolds
  A quokka (D:6)
  5 bats
  2 frilled lizards
  6 rats
116 creatures vanquished.

Notes
Turn   | Place    | Note
-------+----------+-------------------------------------------
     0 | D:1      | GordonOverkill the Ogre Fighter began the quest for the Orb.
     0 | D:1      | Reached XP level 1. HP: 24/24 MP: 1/1
   123 | D:1      | Reached XP level 2. HP: 32/32 MP: 2/2
   387 | D:1      | Reached XP level 3. HP: 40/40 MP: 3/3
   835 | D:2      | Found an iron altar of Okawaru.
   850 | D:2      | Reached XP level 4. HP: 49/49 MP: 4/4
   981 | D:2      | Became a worshipper of Warmaster Okawaru
  1460 | D:2      | Reached skill level 5 in Fighting
  1672 | D:2      | Reached XP level 5. HP: 48/57 MP: 5/5
  1906 | D:2      | Found a deep blue altar of Sif Muna.
  2452 | D:3      | Noticed Natasha
  2459 | D:3      | Killed Natasha
  2880 | D:3      | Noticed Natasha
  2894 | D:3      | Killed Natasha
  2894 | D:3      | Reached XP level 6. HP: 38/66 MP: 6/6
  4287 | D:5      | Entered Level 5 of the Dungeon
  4498 | D:5      | Reached skill level 6 in Fighting
  4598 | D:5      | Noticed a phantom
  4601 | D:5      | Reached * piety under Okawaru
  4601 | D:5      | Reached skill level 5 in Maces & Flails
  4601 | D:5      | Reached XP level 7. HP: 75/75 MP: 7/7
  6632 | D:6      | Reached skill level 7 in Fighting
  6632 | D:6      | Reached XP level 8. HP: 80/87 MP: 8/8
  6990 | D:6      | Reached skill level 5 in Shields
  7066 | D:6      | Noticed Grinder
  7082 | D:6      | HP: 4/87 [Grinder (11)]
  7082 | D:6      | Slain by Grinder

Vault maps used:
D:1:      evilmike_arrival_plus, corexii_item_surrounded_by_moat,
          minmay_parallelograms
D:2:      okawaru_trees_2, marbit_many_paths
D:3:      uniq_natasha
D:4:      kennysheep_slugbush, first_bread
D:6:      minitemple, temple_fountains, basic_altar, uniq_menkaure,
          uniq_grinder, uniq_sigmund

Skill      XL: |  1  2  3  4  5  6  7  8 |
---------------+-------------------------+-----
Maces & Flails | 2 3 4 5 6 |  6.4
Shields        | 3 4 5 |  5.1
Fighting       | 5 6 7 |  7.4
Dodging        | |  2.6

Action                   |  1- 3 |  4- 6 |  7- 9 || total
-------------------------+-------+-------+-------++-------
Melee: Flail             |    73 |   255 |   148 ||   476
       Morningstar       |       |       |    13 ||    13
 Abil: Evoke Berserk Rag |     1 |     8 |     7 ||    16
  Use: Scroll            |       |     1 |    12 ||    13
       Potion            |       |       |     9 ||     9
 Stab: Distracted        |       |     1 |       ||     1
       Sleeping          |       |     1 |       ||     1
  Eat: Chunk             |       |    18 |     7 ||    25
       Meat ration       |       |       |     1 ||     1
       Bread ration      |       |       |     1 ||     1
Armor: Robe              |    19 |    65 |    16 ||   100
Dodge: Dodged            |    29 |    94 |    75 ||   198
Block: Shield            |    50 |   136 |   106 ||   292

Table legend:
 A = Spawn XP
 B = Non-spawn XP
 C = Spawn XP percentage of total XP
 D = Spawn monster count
 E = Non-spawn monster count
 F = Spawn count percentage of total count
 G = Total turns spent on level
                    A         B        C        D         E        F      G
               +---------+---------+-------+---------+---------+-------+---------
         Total |       0 |    1601 |   0.0 |       0 |     116 |   0.0 |  7082
               +---------+---------+-------+---------+---------+-------+---------
           D:1 |       0 |      40 |   0.0 |       0 |      18 |   0.0 |   736
           D:2 |       0 |     159 |   0.0 |       0 |      25 |   0.0 |  1508
           D:3 |       0 |     170 |   0.0 |       0 |      26 |   0.0 |  1233
           D:4 |       0 |     159 |   0.0 |       0 |      12 |   0.0 |  1266
           D:5 |       0 |     634 |   0.0 |       0 |      26 |   0.0 |  2097
           D:6 |       0 |     439 |   0.0 |       0 |       9 |   0.0 |   242
               +---------+---------+-------+---------+---------+-------+---------
